 Dungeon Crawl Stone Soup version 0.31.0-11-ge490571c62 (webtiles) character file.

Game seed: 1640547328767864830

61 Skitler the Conjurer (level 4, 0/27 HPs)
             Began as an Octopode Conjurer on Jan 30, 2024.
             Shot with a sling bullet by a goblin (4 damage)
             ... on level 2 of the Dungeon.
             The game lasted 00:04:02 (2266 turns).

Skitler the Conjurer (Octopode Conjurer)            Turns: 2266, Time: 00:04:02

Health: 0/27       AC:  1    Str:  6    XL:     4   Next: 7%
Magic:  0/7        EV: 13    Int: 22    God:
Gold:   96         SH:  0    Dex: 10    Spells: 6/7 levels left

rFire   . . .        (no weapon)
rCold   . . .        (no shield)
rNeg    . . .        (helmet restricted)
rPois   .            (no amulet)
rElec   .            (no ring)
rCorr   .            (no ring)
SInv    .            (no ring)
Will    .....        (no ring)
Stlth   +++          (no ring)
HPRegen 0.24/turn    (no ring)
MPRegen 0.10/turn    (no ring)
                     (no ring)

%: no passive effects
@: no status effects
A: almost no armour, amphibious, 8 rings, camouflage 1, gelatinous body 1,
(nimble swimmer 1), tentacles
a: no special abilities


You were on level 2 of the Dungeon.
You visited 1 branch of the dungeon, and saw 2 of its levels.

You collected 96 gold pieces.

Inventory:

Scrolls
 c - a scroll of teleportation {unknown}
 d - a scroll of poison {unknown}
 h - a scroll of silence {unknown}
 j - a scroll of immolation {unknown}
Potions
 a - a potion of magic
 b - a potion of invisibility {unknown}
 e - a potion of haste {unknown}
 f - 2 potions of curing {unknown}
 g - a potion of heal wounds {unknown}
 i - 2 potions of resistance {unknown}


   Skills:
 * Level 0.6 Fighting
 * Level 2.2 Dodging
 * Level 3.0 Stealth
 - Level 0.1 Unarmed Combat
 * Level 2.4 Spellcasting
 + Level 4.7 Conjurations
 * Level 1.0 Summonings


You had 6 spell levels left.
You knew the following spells:

 Your Spells              Type           Power      Damage    Failure   Level
a - Magic Dart            Conj           92%        1d7       1%          1

Your spell library contained the following spells:

 Spells                   Type           Power      Damage    Failure   Level
 Searing Ray              Conj           46%        2d6       2%          2
 Lesser Beckoning         Tloc           4%         N/A       21%         2
 Call Canine Familiar     Summ           7%         N/A       26%         3
 Gell's Gravitas          Tloc           2%         N/A       36%         3
 Sigil of Binding         Hex            2%         N/A       36%         3
 Teleport Other           Tloc           2%         N/A       36%         3
 Fulminant Prism          Conj/Alch      6%         3d7       45%         4
 Iskenderun's Mystic Bla  Conj/Tloc      13%        2d5       45%         4
 Dimensional Bullseye     Hex/Tloc       1%         N/A       78%         4


Dungeon Overview and Level Annotations

Branches:
Dungeon (2/15)

Altars:

Shops:
D:2 (


Innate Abilities, Weirdness & Mutations

You cannot wear most types of armour.
You are amphibious.
You can wear up to eight rings at the same time.
Your skin changes colour to match your surroundings (Stealth+).
Your rubbery body absorbs attacks. (AC +1, EV +1)
((You are camouflaged when in or above water. (Stealth+)))
You have tentacles for arms and can constrict up to eight enemies at once.


Message History

Okay, then.
Okay, then.
You are too injured to fight recklessly!
Casting: Magic Dart (safe; 1% risk of failure)
Confirm with . or Enter, or press ? or * to list all spells.
Aiming: Magic Dart (safe; 1% risk of failure)
Press: ? - help, Shift-Dir - straight line, f - ribbon worm
Aim: a ribbon worm (heavily wounded, constricted by you, 100% to hit)
The magic dart hits the ribbon worm.
The ribbon worm is heavily wounded.
You constrict the ribbon worm.
The ribbon worm expels a string of sticky webbing.
The stream of webbing misses you.
Unknown command.
Casting: Magic Dart (safe; 1% risk of failure)
Confirm with . or Enter, or press ? or * to list all spells.
Aiming: Magic Dart (safe; 1% risk of failure)
Press: ? - help, Shift-Dir - straight line, f/p - ribbon worm
Aim: a ribbon worm (heavily wounded, constricted by you, catching its breath, 100% to hit)
The magic dart hits the ribbon worm.
The ribbon worm is severely wounded.
You constrict the ribbon worm. The ribbon worm barely misses you.
You tentacle-slap the ribbon worm. You squeeze the ribbon worm.
You kill the ribbon worm!
Your Stealth skill increases to level 3!
Your Summonings skill increases to level 1!
You miss the frilled lizard. Your grab misses the frilled lizard.
Your squeeze misses the frilled lizard.
The frilled lizard completely misses you.
You barely miss the frilled lizard. Your grab misses the frilled lizard.
The frilled lizard closely misses you.
You tentacle-slap the frilled lizard but do no damage.
Your grab misses the frilled lizard. The frilled lizard barely misses you.
You closely miss the frilled lizard. You grab the frilled lizard.
You constrict the frilled lizard.
You kill the frilled lizard!
The goblin unwields a +0 dagger.
The goblin wields a +0 sling.
The goblin shoots a sling bullet.
The sling bullet closely misses you.
The goblin shoots a sling bullet.
The sling bullet hits you.
You die...

.................## #...........
##...#...##>..##..# #.#.........
#....÷............# #.†.........
##...#####.#####.. #..##.##).##
....## #.#.#?#.. #..##.##..#
###.# #.#..)#.# #..##.##..# #.#
#.#.g.g.# #..##.##..# ##'## #.#
#.### #.........# ##...#####.#
#@..# #####.#####
#.....#....#####.#.# #.........#
......).##.......#.# #.###...#.##
......[.####...#.#.###.###..∩#.##
........'...................[...'
........####.....#####.##....#.##
.......## ##.#### #.##.#.##.##
#.)...## #.# #.........# ##...##
#.# ####.######


You could see a goblin.

Vanquished Creatures
  An adder (D:2)
  A dart slug (D:1)
  3 ribbon worms (D:2)
  8 bats
  4 endoplasms
  2 giant cockroaches
  5 goblins
  2 hobgoblins
  5 jackals
  A quokka (D:1)
  4 ball pythons
  3 frilled lizards
  2 kobolds
41 creatures vanquished.

Notes
Turn   | Place    | Note
-------+----------+-------------------------------------------
     0 | D:1      | Skitler the Octopode Conjurer began the quest for the Orb.
     0 | D:1      | Reached XP level 1. HP: 11/11 MP: 3/3
    45 | D:1      | Found a faded altar of an unknown god.
   183 | D:1      | Reached XP level 2. HP: 16/17 MP: 1/5
  1184 | D:2      | Reached XP level 3. HP: 17/21 MP: 0/6
  1466 | D:2      | Found Dutucwal's Antique Weapon Shop.
  2248 | D:2      | Reached XP level 4. HP: 21/27 MP: 1/7
  2256 | D:2      | HP: 1/27 [ribbon worm (3)]
  2260 | D:2      | Reached skill level 1 in Summonings
  2266 | D:2      | Shot with a sling bullet by a goblin

Illustrated notes

Levels and vault maps discovered:
D:1:      spicycebolla_arrival_risky_transporter, layout_loops_ring,
          shapermc_ecumenical_altar_pompeii, lemuel_flame_loot_1
D:2:      layout_loops_corners, serial_shops, shop, minmay_split_cup_large

Skill      XL: |  1  2  3  4 |
---------------+-------------+-----
Stealth        | 3 |  3.0
Summonings     | 1 |  1.0
Fighting       | |  0.6
Dodging        | |  2.2
Unarmed Combat | |  0.1
Spellcasting   | |  2.4
Conjurations   | |  4.7

Action                     |  1- 3 |  4- 6 || total
---------------------------+-------+-------++-------
  Melee: Unarmed           |    23 |    11 ||    34
         Constrict         |     8 |     2 ||    10
         Tentacles         |     7 |     2 ||     9
         Punch             |       |     1 ||     1
   Cast: Magic Dart        |    68 |     2 ||    70
 Armour: Skin              |    15 |     6 ||    21
  Dodge: Dodged            |    23 |     7 ||    30
